 Dungeon Crawl Stone Soup version 0.32-a0-876-gcfddb08e57 (webtiles) character file.

Game seed: 6729719499597798174

18777 Griffin23 the Fencer (level 12, -6/112 HPs)
             Began as a Minotaur Fighter on Apr 1, 2024.
             Was a Priest of Nemelex Xobeh.
             Mangled by a komodo dragon (20 damage)
             ... on level 2 of the Lair of Beasts.
             The game lasted 00:30:16 (13305 turns).

Griffin23 the Fencer (Minotaur Fighter)            Turns: 13305, Time: 00:30:20

Health: -6/112     AC: 19    Str: 31    XL:     12   Next: 30%
Magic:  11/11      EV:  7    Int:  5    God:    Nemelex Xobeh [***...]
Gold:   551        SH:  0    Dex: 11    Spells: 11/11 levels left

rFire   + . .        D - +2 great sword (venom)
rCold   + . .        (shield currently unavailable)
rNeg    . . .        w - +0 plate armour
rPois   .            (helmet restricted)
rElec   .            o - scarf {rC+ rF+}
rCorr   .            K - +1 pair of gloves
SInv    +            N - +0 pair of boots
Will    .....        u - amulet of regeneration Stlth
                     f - ring of see invisible
HPRegen 1.18/turn    C - +6 ring of strength
MPRegen 0.12/turn

%: no passive effects
@: no status effects
A: horns 2, retaliatory headbutt
a: Renounce Religion, Draw Escape, Draw Destruction, Draw Summoning, Triple Draw


You were on level 2 of the Lair of Beasts.
You worshipped Nemelex Xobeh.
Nemelex Xobeh was most pleased with you.
You visited 3 branches of the dungeon, and saw 14 of its levels.
You also visited: Sewer.

You collected 865 gold pieces.
You spent 314 gold pieces at shops.

Inventory:

Hand Weapons
 a - a +0 long sword
 D - a +2 great sword of venom (weapon)
Missiles
 d - 2 javelins (quivered)
 G - 2 throwing nets
Armour
 b - a +0 scale mail
 c - a +0 buckler
 g - a +0 chain mail
 o - a scarf of resistance (worn)
 w - a +0 plate armour (worn)
 K - a +1 pair of gloves (worn)
 N - a +0 pair of boots (worn)
Jewellery
 f - a ring of see invisible (left hand)
 p - an amulet of faith
 u - an amulet of regeneration (around neck)
 y - a ring of ice
 C - a +6 ring of strength (right hand)
Wands
 B - a wand of warping (9)
 O - a wand of charming (4)
 P - a wand of acid (6)
Scrolls
 h - 5 scrolls of teleportation
 i - 4 scrolls of torment
 j - a scroll of summoning {unknown}
 k - 4 scrolls of revelation
 m - 3 scrolls of fear
 n - a scroll of fog {unknown}
 r - a scroll of brand weapon
 s - 3 scrolls of blinking
 x - a scroll of vulnerability {unknown}
 E - a scroll of enchant weapon {unknown}
 F - a scroll of silence
 I - a scroll of immolation {unknown}
 Q - a scroll of identify
 R - a scroll of poison {unknown}
 S - a scroll of acquirement {unknown}
Potions
 e - 2 potions of curing
 l - 2 potions of cancellation
 q - 2 potions of degeneration {unknown}
 t - 2 potions of attraction {unknown}
 v - a potion of resistance {unknown}
 z - 2 potions of lignification
 A - a potion of haste {unknown}
 H - a potion of brilliance {unknown}
 J - a potion of berserk rage {unknown}
 L - a potion of enlightenment {unknown}
 M - a potion of mutation {unknown}


   Skills:
 + Level 12.2 Fighting
 * Level 16.3 Long Blades
 + Level 12.3 Armour
 - Level 8.4 Shields


You had 11 spell levels left.
You didn't know any spells.
Your spell library contained the following spells:

 Spells                   Type           Power      Damage    Failure   Level
 Magic Dart               Conj           0%         1d3       97%         1
 Sandblast                Erth           0%         2d4       97%         1
 Summon Small Mammal      Summ           0%         N/A       97%         1
 Blink                    Tloc           0%         N/A       99%         2
 Call Imp                 Summ           0%         N/A       99%         2
 Lesser Beckoning         Tloc           0%         N/A       99%         2
 Call Canine Familiar     Summ           0%         N/A       100%        3
 Inner Flame              Hex/Fire       0%         N/A       100%        3
 Stone Arrow              Conj/Erth      0%         3d7       100%        3
 Teleport Other           Tloc           0%         N/A       100%        3
 Tukima's Dance           Hex            0%         N/A       100%        3
 Brom's Barrelling Bould  Conj/Erth      0%         2d3       100%        4
 Flame Wave               Conj/Fire      0%         2d4       100%        4
 Maxwell's Portable Pile  Tloc           0%         2d(5-10)  100%        4
 Passage of Golubria      Tloc           0%         N/A       100%        4
 Sticky Flame             Fire/Alch      0%         2d4       100%        4
 Summon Blazeheart Golem  Fire/Summ      0%         N/A       100%        4
 Yara's Violent Unravell  Hex/Alch       0%         3d3       100%        5
 Chain Lightning          Conj/Air       0%         N/A       100%        9
 Fire Storm               Conj/Fire      0%         5d1       100%        9
 Shatter                  Erth           0%         3d5*      100%        9


Dungeon Overview and Level Annotations

Branches:
Dungeon (11/15)            Temple (1/1) D:5            Lair (2/5) D:11
  Sewer (visited)
  Swamp: Lair:2-3    Shoals: Lair:2-3     Snake: Lair:2-3    Spider: Lair:2-3
    Orc: D:9-12

Altars:
Ashenzari
Cheibriados
Dithmenos
Elyvilon
Fedhas
Gozag
Hepliaklqana
Kikubaaqudgha
Makhleb
Nemelex Xobeh
Okawaru
Qazlal
Ru
Sif Muna
Trog
Uskayaw
Vehumet
Wu Jian
Xom
Yredelemnul
Zin
The Shining One

Shops:
D:3 (   D:4 (=(?   D:8 *

Annotations:
D:3 2 transporters, EvilEddieB's ghost, amateur DsGl


Innate Abilities, Weirdness & Mutations

You have a pair of horns on your head.
You reflexively headbutt those who attack you in melee.


Message History

You are too injured to fight recklessly!
You are too injured to fight recklessly!
You are too injured to fight recklessly!
You slash the komodo dragon!
The komodo dragon looks as sick as possible!
Your headbutt misses the komodo dragon.
The komodo dragon is heavily wounded.
You feel sick.
You are no longer poisoned.
The bullfrog barely misses you. You furiously retaliate!
You headbutt the bullfrog. The komodo dragon bites you!
The bullfrog barely misses you.
You closely miss the komodo dragon.
The komodo dragon is heavily wounded.
The komodo dragon bites you but does no damage.
The bullfrog completely misses you.
You hit the komodo dragon but do no damage.
The komodo dragon looks as sick as possible!
The komodo dragon is heavily wounded.
The bullfrog barely misses you. You furiously retaliate!
You headbutt the bullfrog! The komodo dragon bites you!
* * * LOW HITPOINT WARNING * * *
You hit the komodo dragon but do no damage.
The komodo dragon looks as sick as possible!
You headbutt the komodo dragon.
The komodo dragon is severely wounded.
The bullfrog hits you but does no damage.
The komodo dragon bites you!
* * * LOW HITPOINT WARNING * * *
The bullfrog closely misses you. You furiously retaliate!
You headbutt the bullfrog!
You kill the bullfrog!
Okay, then.
You hit the komodo dragon but do no damage.
The komodo dragon looks as sick as possible!
You headbutt the komodo dragon, but do no damage.
The komodo dragon is severely wounded.
The komodo dragon bites you!!
You die...
Your body glows slightly and disappears.

##......## ##..........
#..#.....### #...........
####.......#####.##........
####....#....I....#...##
##...........########
##....#I.<.I# ###........#
##...#.....# #†@...##+###
#.†l.##.... #....#....I.
#....##....... .....#
.I..<.. ##...# ....... ##..
...I. ..# ....


You could see a komodo dragon (extremely poisoned).

Vanquished Creatures
  Fannar (Lair:1)
  Harold (Lair:1)
  A boulder beetle (D:10)
  2 two-headed ogres
  Pikel (D:7)
  2 centaur zombies (D:10)
  2 black mambas (Lair:1)
  A cane toad (Lair:2)
  An unseen horror (D:11)
  A rime drake (Lair:1)
  2 unseen horror zombies (D:10)
  4 komodo dragons
  A hornet (D:9)
  3 trolls
  A meliai zombie (D:10)
  3 blink frogs (Lair:1)
  A shadow (D:9)
  2 wyverns (D:10)
  A vampire (D:11)
  A basilisk (Lair:1)
  17 yaks
  Edmund (D:4)
  Menkaure (D:7)
  2 acid dragons (D:10)
  8 water moccasins
  A swamp drake (Lair:1)
  4 sky beasts
  3 orc warriors
  2 ice beasts (D:6)
  2 ogres
  4 wolves (Lair:1)
  6 centaurs
  A lemure (D:7)
  2 kobold brigands
  6 bullfrogs
  2 gnoll sergeants (D:9)
  4 wights (D:7)
  10 killer bees
  2 howler monkeys
  4 bombardier beetles
  2 jellies
  6 orc priests
  5 hounds
  A sleepcap (D:6)
  3 iguanas
  11 orc wizards
  9 adders
  11 gnolls
  A white imp (D:6)
  4 ufetubi (D:6)
  7 dart slugs
  4 ribbon worms
  53 orcs
  3 bats (D:2)
  11 endoplasms
  10 giant cockroaches
  6 hobgoblins
  3 quokkas (D:5)
  18 ball pythons
  6 frilled lizards
  8 goblins
  16 kobolds
  5 rats
317 creatures vanquished.

Vanquished Creatures (collateral kills)
  4 centaur zombies (D:10)
  An orc priest (D:10)
  A howler monkey zombie (D:10)
6 creatures vanquished.

Grand Total: 323 creatures vanquished

Notes
Turn   | Place    | Note
-------+----------+-------------------------------------------
     0 | D:1      | Griffin23 the Minotaur Fighter began the quest for the Orb.
     0 | D:1      | Reached XP level 1. HP: 19/19 MP: 0/0
   484 | D:1      | Reached XP level 2. HP: 26/27 MP: 1/1
   952 | D:2      | Reached skill level 3 in Long Blades
  1009 | D:2      | Reached XP level 3. HP: 33/33 MP: 2/2
  1433 | D:2      | Found a faded altar of an unknown god.
  1796 | D:2      | Reached XP level 4. HP: 9/40 MP: 3/3
  2156 | D:3      | Reached skill level 4 in Long Blades
  2210 | D:3      | Found a shadowy altar of Dithmenos.
  2335 | D:3      | Noticed EvilEddieB's ghost (amateur DsGl)
  2336 | D:3      | Found a transporter.
  2336 | D:3      | Noticed an ogre
  2337 | D:3      | Noticed an ogre
  2340 | D:3      | Found a transporter.
  2399 | D:3      | Found Nazecs's Weapon Emporium.
  2496 | D:3      | Found a blossoming altar of Fedhas.
  2868 | D:4      | Reached XP level 5. HP: 31/47 MP: 4/4
  3097 | D:4      | Found Feru's Magic Scroll Boutique.
  3100 | D:4      | Bought a scroll of blinking for 97 gold pieces
  3382 | D:4      | Found Lale's Weapon Boutique.
  3558 | D:4      | Found Jaledil's Jewellery Emporium.
  3604 | D:4      | Reached skill level 5 in Long Blades
  3604 | D:4      | Reached XP level 6. HP: 44/48 MP: 5/5
  4095 | D:4      | Found Nebeetoa's Weapon Shoppe.
  4172 | D:4      | Reached skill level 5 in Armour
  4300 | D:4      | Noticed Edmund
  4309 | D:4      | Killed Edmund
  4310 | D:4      | Reached skill level 5 in Fighting
  4310 | D:4      | Reached skill level 5 in Shields
  4505 | D:5      | Entered Level 5 of the Dungeon
  4577 | D:5      | Found a glowing drain.
  4584 | Sewer    | Entered a sewer
  4846 | Sewer    | Reached XP level 7. HP: 53/61 MP: 6/6
  4916 | Sewer    | Reached skill level 6 in Long Blades
  5089 | D:5      | Found a radiant altar of Vehumet.
  5361 | D:5      | Reached skill level 7 in Long Blades
  5507 | D:5      | Found a staircase to the Ecumenical Temple.
  5563 | Temple   | Found a transporter.
  5563 | Temple   | Found a transporter.
  5563 | Temple   | Found a transporter.
  5563 | Temple   | Found a transporter.
  5563 | Temple   | Entered the Ecumenical Temple
  5724 | D:5      | Reached XP level 8. HP: 63/70 MP: 7/7
  6231 | D:6      | Found an ancient bone altar of Kikubaaqudgha.
  6761 | D:6      | Reached skill level 8 in Long Blades
  7802 | D:7      | Reached skill level 9 in Long Blades
  7965 | D:7      | Noticed Pikel
  7983 | D:7      | Killed Pikel
  7984 | D:7      | Reached XP level 9. HP: 40/79 MP: 8/8
  8302 | D:7      | Found a sparkling altar of Nemelex Xobeh.
  8322 | D:7      | Noticed Menkaure
  8336 | D:7      | Became a worshipper of Nemelex Xobeh the Trickster
  8345 | D:7      | Killed Menkaure
  8350 | D:7      | Reached skill level 10 in Long Blades
  8844 | D:8      | Found a broken altar of Ashenzari.
  9088 | D:8      | Found Rietup's Serpentskin Sales.
  9118 | D:8      | Bought a +2 great sword of venom for 217 gold pieces
  9148 | D:8      | Found an opulent altar of Gozag.
  9218 | D:8      | Found a white marble altar of Elyvilon.
  9218 | D:8      | Noticed a komodo dragon
  9227 | D:8      | Killed a komodo dragon
  9228 | D:8      | Reached skill level 11 in Long Blades
  9303 | D:8      | Reached XP level 10. HP: 90/90 MP: 9/9
  9648 | D:9      | Found a bloodstained altar of Trog.
  9684 | D:9      | Reached * piety under Nemelex Xobeh
  9797 | D:9      | Found a snail-covered altar of Cheibriados.
  9817 | D:9      | Received a gift from Nemelex Xobeh
 10267 | D:10     | Entered Level 10 of the Dungeon
 10356 | D:10     | Reached skill level 12 in Long Blades
 10356 | D:10     | Noticed a gargoyle
 10428 | D:10     | Found a hide-covered altar of Uskayaw.
 10547 | D:10     | Reached skill level 13 in Long Blades
 10547 | D:10     | Reached skill level 10 in Armour
 10553 | D:10     | Reached skill level 10 in Fighting
 10565 | D:10     | Reached XP level 11. HP: 38/100 MP: 10/10
 10624 | D:10     | Found a basalt altar of Yredelemnul.
 10647 | D:10     | Found an iron altar of Okawaru.
 10977 | D:10     | Reached ** piety under Nemelex Xobeh
 11241 | D:11     | Noticed a two-headed ogre
 11242 | D:11     | Noticed a boulder beetle
 11288 | D:10     | Killed a two-headed ogre
 11360 | D:10     | Killed a boulder beetle
 11361 | D:10     | Reached skill level 14 in Long Blades
 11474 | D:11     | Noticed a two-headed ogre
 11480 | D:11     | Killed a two-headed ogre
 11659 | D:11     | Found a staircase to the Lair.
 11913 | Lair:1   | Entered Level 1 of the Lair of Beasts
 12193 | Lair:1   | Noticed Fannar
 12194 | Lair:1   | Reached skill level 15 in Long Blades
 12367 | Lair:1   | Killed Fannar
 12395 | Lair:1   | Received a gift from Nemelex Xobeh
 12421 | Lair:1   | Noticed Harold
 12429 | Lair:1   | Killed Harold
 12430 | Lair:1   | Reached XP level 12. HP: 94/112 MP: 11/11
 12593 | Lair:1   | Reached *** piety under Nemelex Xobeh
 12610 | Lair:1   | Identified the +4 scale mail of the Land of Plenty {^Drain
                  | +Inv MP+9 Int+4}
 12913 | Lair:1   | Reached skill level 16 in Long Blades
 13305 | Lair:2   | Mangled by a komodo dragon

Illustrated notes

Levels and vault maps discovered:
D:1:      tarquinn_simple_flora_water_e, layout_loops_ring, serial_aquarium,
          aquarium_bridge_square [aquarium_subvault_bridge,
          aquarium_subvault_wall, aquarium_subvault_bridge,
          aquarium_subvault_window], aquarium_bridge_square
          [aquarium_subvault_bridge, aquarium_subvault_bridge,
          aquarium_subvault_balcony, aquarium_subvault_bridge],
          aquarium_window_fake, aquarium_window_fake, aquarium_window_3,
          aquarium_view_2d, minmay_misc_feat_tower
D:2:      layout_loops_ring, shapermc_ecumenical_altar_mp_highgroup,
          minmay_pentomino_v2
D:3:      layout_rooms, grunt_dithmenos_smoke_and_mirrors, lemuel_round_altar,
          serial_shops, nicolae_shop_bloodbath_and_beyond,
          gammafunk_ghost_smash, serial_bayou_pond_e, minmay_misc_feat_alley
D:4:      layout_gridville, serial_shops, nicolae_shop_pleasant_corner_grove,
          nicolae_shop_tiny_glass, kennysheep_mini, shop, uniq_edmund
D:5:      layout_basic, amcnicky_altar_gilded, minmay_temple_entry_junction,
          gup_sewer_entry_bowl
D:6:      layout_basic, kiku_gazebo_pond_becter
D:7:      layout_loops_ring, nemelex_diamond_rough_becter, uniq_menkaure,
          uniq_pikel
D:8:      layout_cave_pools, overflow_temple_1_default, elyvilon_altar_3,
          evilmike_ruin_ashenzari, st_stairs_10, guppyfry_shop_venom
D:9:      layout_cave_pools, kennysheep_slug_shrine, trog_hazing_becter,
          nicolae_concentric_dashed_squares_mild
D:10:     layout_basic, nicolae_yredelemnul_corpse_copse,
          mainiacjoe_overflow_large_starburst
D:11:     layout_small_grid, lair_entry_dummy
Temple:   hellmonk_temple_divided_pantheon
Lair:1:   layout_chaotic_city, lemuel_old_faithful, grunt_megastairs_2,
          uniq_fannar, uniq_harold
Lair:2:   layout_hall_layers, swamp_mist, grunt_megastairs_3,
          infiniplex_staircase_pool_2

Skill      XL: |  1  2  3  4  5  6  7  8  9 10 11 12 |
---------------+-------------------------------------+-----
Fighting       | 4 5 6 7 8 10 11 12 | 12.2
Long Blades    | 3 4 5 7 9 11 13 15 16 | 16.3
Armour         | 4 5 6 7 8 10 11 12 | 12.3
Shields        | 4 5 6 7 8 |  8.4

Action                     |  1- 3 |  4- 6 |  7- 9 | 10-12 || total
---------------------------+-------+-------+-------+-------++-------
  Melee: Long sword        |   110 |   266 |   381 |       ||   757
         Headbutt          |    13 |    31 |    64 |    73 ||   181
         Great sword       |       |       |    13 |   334 ||   347
 Invoke: Draw Destruction  |       |       |       |     9 ||     9
         Draw Summoning    |       |       |       |     1 ||     1
  Evoke: Wand              |       |       |       |    10 ||    10
    Use: Potion            |     2 |     3 |     4 |     5 ||    14
         Scroll            |       |     6 |     1 |     3 ||    10
 Armour: Chain mail        |   122 |   354 |   274 |       ||   750
         Scale mail        |     2 |       |       |       ||     2
         Plate armour      |       |       |   149 |   582 ||   731
  Dodge: Dodged            |    45 |   104 |   167 |   203 ||   519
  Block: Buckler           |    24 |    64 |   116 |       ||   204

Table legend: (Time is in decaauts)
 A = Elapsed time spent in this place.
 B = Non-inter-level travel time spent in this place.
 C = Inter-level travel time spent in this place.
 D = Time resting spent in this place.
 E = Time spent auto-exploring this place.
 F = Levels seen in this place.
 G = Mean time per level.
                   A        B        C        D        E       F      G
               +--------+--------+--------+--------+--------+-----+--------+
         Total |  13471 |  12915 |    556 |   1668 |   8605 |  15 |  898.1 |
       Dungeon |  11638 |  11104 |    534 |   1516 |   7519 |  11 | 1058.0 |
        Temple |     66 |     64 |      2 |      0 |      0 |   1 |   66.0 |
          Lair |   1255 |   1236 |     19 |    152 |    806 |   2 |  627.5 |
         Sewer |    511 |    511 |      0 |      0 |    279 |   1 |  511.0 |
               +--------+--------+--------+--------+--------+-----+--------+

Top non-repeatable levels by time:
     D:4: 1842 daAuts
     D:6: 1492 daAuts
     D:5: 1216 daAuts
     D:2: 1183 daAuts
    D:10: 1104 daAuts
     D:7: 1098 daAuts
  Lair:1: 1063 daAuts
     D:1: 848 daAuts
     D:8: 768 daAuts
     D:9: 706 daAuts
     D:3: 697 daAuts
    D:11: 680 daAuts
   Sewer: 511 daAuts
  Lair:2: 192 daAuts
  Temple: 66 daAuts
